 Dungeon Crawl Stone Soup version 0.19-a0-811-gf4045fb (webtiles) character file.

272 wvc the Covered (level 6, 4/51 HPs)
             Began as a Minotaur Wanderer on June 28, 2016.
             Was an Initiate of Okawaru.
             Quit the game on level 5 of the Dungeon.
             The game lasted 00:07:28 (4683 turns).

wvc the Covered (Minotaur Wanderer)                 Turns: 4683, Time: 00:07:29

Health: 4/51       AC: 10    Str: 18    XL:     6   Next: 2%
Magic:  5/5        EV: 14    Int:  9    God:    Okawaru [......]
Gold:   99         SH:  0    Dex: 15    Spells: 0 memorised, 5 levels left

rFire  . . .     SeeInvis +     a - +2 dagger
rCold  . . .     Gourm    .     x - +1 chain mail (curse)
rNeg   . . .     Faith    +     (no shield)
rPois  .         Spirit   .     (helmet restricted)
rElec  .         Dismiss  .     (no cloak)
rCorr  .         Reflect  .     (no gloves)
SustAt .         Harm     .     (no boots)
MR     .....                    l - amulet of faith
Stlth  ..........               (no ring)
                                g - ring of see invisible

@: agile, not resistant to hostile enchantments, extremely unstealthy
A: retaliatory headbutt, horns 2
a: Renounce Religion


You were on level 5 of the Dungeon.
You worshipped Okawaru.
Okawaru was noncommittal.
You were hungry.

You visited 2 branches of the dungeon, and saw 6 of its levels.

You collected 154 gold pieces.
You spent 55 gold pieces at shops.

Inventory:

Hand Weapons
 a - a +2 dagger (weapon)
 e - a +0 spear
Missiles
 c - a throwing net
 n - 5 javelins (quivered)
Armour
 x - a cursed +1 chain mail (worn)
Jewellery
 g - a ring of see invisible (left hand)
 l - an amulet of faith (around neck)
Wands
 o - a wand of random effects (14/48)
Scrolls
 i - a scroll of enchant weapon
Potions
 b - 2 potions of degeneration {unknown}
 d - 2 potions of lignification
 k - a potion of heal wounds
 m - a potion of flight
 p - a potion of curing
 r - a potion of magic {unknown}
 s - a potion of cancellation {unknown}
 t - 3 potions of invisibility
 u - a potion of ambrosia {unknown}
 v - a potion of mutation {unknown}
Comestibles
 f - 2 bread rations
 j - a meat ration


   Skills:
 + Level 3.2 Fighting
 - Level 1.0 Throwing
 + Level 4.4 Armour
 + Level 4.1 Dodging
 - Level 1.0 Stealth
 - Level 2.1 Unarmed Combat
   Level 2.0 Hexes
 - Level 1.0 Evocations


You had 5 spell levels left.
You didn't know any spells.

Dungeon Overview and Level Annotations

Branches:
Dungeon (5/15)             Temple (1/1) D:4

Altars:
Ashenzari
Cheibriados
Dithmenos
Fedhas
Hepliaklqana
Kikubaaqudgha
Makhleb
Nemelex Xobeh
Okawaru
Qazlal
Ru
Sif Muna
Trog
Uskayaw
Vehumet
Xom
Zin
The Shining One

Shops:
D:4 ![!

Annotations:
D:2 Robin
D:4 crauler's ghost, amateur SpBe
D:5 Edmund; Prince Ribbit


Innate Abilities, Weirdness & Mutations

You reflexively headbutt those who attack you in melee.
You have a pair of horns on your head.


Message History

Prince Ribbit is severely wounded.
Prince Ribbit lets out a mournful croak.
Throwing (i - inventory. (,) - cycle):
n - 6 javelins (quivered)
Press: ? - help, Shift-Dir - straight line, f/p - Prince Ribbit
Aim: Prince Ribbit (heavily wounded, slow)
You throw a javelin. The javelin hits Prince Ribbit.
Prince Ribbit is severely wounded.
Prince Ribbit hits you but does no damage.
Edmund misses you. You furiously retaliate!
You headbutt Edmund. You hit Prince Ribbit but do no damage.
Prince Ribbit is severely wounded.
Prince Ribbit hits you.
* * * LOW HITPOINT WARNING * * *
Edmund hits you but does no damage.
As you read the scroll labeled MASHIA IQEINYB, it crumbles to dust.
You feel aware of your surroundings.
It was a scroll of magic mapping.
Prince Ribbit blinks!
Quiver which item? (- for none, * to show all) (? for menu, Esc to quit)
Okay, then.
Are you sure you want to abandon this character and quit the game? (Confirm with "yes".)

,**
##......##........#
**,,** ,,*
##.................#
**,,, ,**
##.............###..#
*,,* **
#..##########.## *..#
**** * #>## ### *,##
* #.# *,* *** **
#.###### *,** **,, ,*
#.##...########
**,******,,, ,*
#....##.F(.ยง@@##
*,,,,,,,,,, ,*
#..###########.##
********,,* ** ####
#..## **,* * ##F.#
*,,, ######..# **,,,
****** ##.F.....#
*,,**
**,,,,**#..#######
*,,*
*****,,........#*
**,**
,,,,,**##...##..*
*******,,**


You could see Edmund and Prince Ribbit.

Vanquished Creatures
  A jelly (D:5)
  A gnoll shaman (D:4)
  Natasha (thrice) (D:2)
  3 gnolls (D:5)
  3 adders
  2 worms
  A dart slug (D:2)
  8 giant geckos
  4 orcs (D:3)
  4 giant cockroaches
  5 goblins
  10 hobgoblins
  4 jackals
  A kobold (D:1)
  2 quokkas
  4 bats
  4 giant newts
  A jackal zombie (D:5)
  6 rats
67 creatures vanquished.

Notes
Turn   | Place    | Note
--------------------------------------------------------------
     0 | D:1      | wvc the Minotaur Wanderer began the quest for the Orb.
     0 | D:1      | wvc set off with: a +2 dagger, a potion of berserk rage, a scroll of teleportation, a potion of lignification, a +0 robe, a bread ration
     0 | D:1      | Reached XP level 1. HP: 16/16 MP: 0/0
   347 | D:1      | Reached XP level 2. HP: 23/23 MP: 1/1
   490 | D:1      | Reached skill level 1 in Armour
   571 | D:1      | You fall through a shaft!
  1114 | D:2      | Noticed Natasha
  1122 | D:2      | Killed Natasha
  1122 | D:2      | Reached XP level 3. HP: 23/29 MP: 2/2
  1181 | D:2      | Noticed Robin
  1401 | D:2      | Noticed Natasha
  1405 | D:2      | Killed Natasha
  1405 | D:2      | Reached XP level 4. HP: 29/37 MP: 3/3
  1447 | D:2      | Found a sacrificial altar of Ru.
  1601 | D:2      | Noticed Natasha
  1605 | D:2      | Killed Natasha
  2216 | D:3      | Reached XP level 5. HP: 36/42 MP: 4/4
  2823 | D:4      | Found a staircase to the Ecumenical Temple.
  2830 | D:4      | Found Zilus's Distillery.
  2845 | Temple   | Entered the Ecumenical Temple
  2904 | Temple   | Became a worshipper of Warmaster Okawaru
  3031 | D:4      | Bought a potion of heal wounds for 55 gold pieces
  3173 | D:4      | Found Zionweli's Distillery.
  3178 | D:4      | Found Ovy Uwal's Antique Armour Emporium.
  3217 | D:5      | Entered Level 5 of the Dungeon
  3550 | D:4      | Noticed crauler's ghost (amateur SpBe)
  4474 | D:5      | Reached XP level 6. HP: 45/51 MP: 5/5
  4640 | D:5      | Noticed Prince Ribbit
  4641 | D:5      | Noticed Edmund
  4683 | D:5      | Quit the game

Vault maps used:
D:1:      minmay_arrival_jagged
D:2:      nicolae_overflow_crystal_walls, uniq_robin, uniq_natasha
D:4:      first_bread, serial_shops, nicolae_shop_stone,
          nicolae_shop_window_shopping, kennysheep_mini_moat, shop, shop
D:5:      uniq_edmund, uniq_prince_ribbit1
Temple:   minmay_crystal_spiral_temple

Skill      XL: |  1  2  3  4  5 |
---------------+----------------+-----
Dodging        | 2 3 4 |  4.1
Armour         | 2 3 4 |  4.4
Fighting       | 2 3 |  3.2
Throwing       | |  1.0
Stealth        | |  1.0
Unarmed Combat | |  2.1
Hexes          | |  2.0
Evocations     | |  1.0

Action                   |  1- 3 |  4- 6 || total
-------------------------+-------+-------++-------
Melee: Dagger            |    74 |   239 ||   313
       Headbutt          |    14 |    23 ||    37
Throw: Javelin           |       |     5 ||     5
Evoke: Wand              |       |    10 ||    10
  Use: Scroll            |     3 |     8 ||    11
       Potion            |       |     3 ||     3
 Stab: Paralysed         |       |     4 ||     4
       Confused          |       |     1 ||     1
  Eat: Chunk             |     1 |     5 ||     6
       Bread ration      |       |     1 ||     1
       Royal jelly       |       |     1 ||     1
Armor: Ring mail         |    14 |    32 ||    46
       Chain mail        |       |    53 ||    53
Dodge: Dodged            |    49 |   101 ||   150
